 Dungeon Crawl Stone Soup version 0.13.1-2-gfb2c2b7 (webtiles) character file.

1212 Chiseanne the Ducker (level 8, 0/51 HPs)
             Began as a Halfling Artificer on Dec 9, 2013.
             Slain by Duvessa
             ... wielding a +2,+0 elven short sword
              (2 damage)
             ... on Level 4 of the Dungeon.
             The game lasted 00:23:35 (7035 turns).

Chiseanne the Ducker (Halfling Artificer)           Turns: 7035, Time: 00:23:35

HP   0/51        AC 10     Str 10      XL: 8   Next: 43%
MP  23/23        EV 12     Int 12      God:
Gold 211         SH  0     Dex 17      Spells:  0 memorised,  7 levels left

Res.Fire  : . . .   See Invis. : .   q - +0 long sword (curse)
Res.Cold  : . . .   Warding    : .   s - +4 dwarf ring mail
Life Prot.: . . .   Conserve   : .   (no shield)
Res.Poison: .       Res.Corr.  : .   (no helmet)
Res.Elec. : .       Clarity    : .   (no cloak)
Sust.Abil.: . .     Spirit.Shd : .   (no gloves)
Res.Mut.  : .       Stasis     : .   (no boots)
Res.Rott. : .       Flight     : .   (no amulet)
Saprovore : . . .                    (no ring)
                                     j - ring of magical power

@: slightly resistant to hostile enchantments, stealthy
A: mutation resistance 1, slow metabolism 1
a: no special abilities


You were on level 4 of the Dungeon.
You were not hungry.

You visited 1 branch of the dungeon, and saw 5 of its levels.

You collected 191 gold pieces.

Inventory:

Hand weapons
 q - a cursed +0,+0 long sword (weapon)
Missiles
 n - 23 darts (quivered)
 p - 5 needles of slowing
 z - 7 poisoned needles
Armour
 o - a +1 chain mail
 s - a +4 dwarven ring mail (worn)
 y - a +0 chain mail
Magical devices
 b - a wand of flame (0)
 c - a wand of enslavement (0)
 d - a wand of random effects (0)
 w - a wand of polymorph (0)
Comestibles
 f - 5 bread rations
 i - 9 grapes
Scrolls
 e - a scroll of remove curse
 h - 4 scrolls of identify
 r - a scroll of fog
 v - a scroll of curse weapon
Jewellery
 j - a ring of magical power (left hand)
Potions
 x - a potion of confusion


   Skills:
 * Level 2.6 Fighting
   Level 1.3 Short Blades
 * Level 2.2 Long Blades
 * Level 3.6 Armour
 * Level 6.6 Dodging
 * Level 4.7 Stealth
 * Level 5.1 Evocations


You had 7 spell levels left.
You didn't know any spells.

Dungeon Overview and Level Annotations

Branches:
Dungeon (5/27)
 Temple: D:4-7

Altars:
Ashenzari
Xom

Annotations:
D:4 Duvessa


Innate Abilities, Weirdness & Mutations

You are small and have problems with some larger weapons.
You are somewhat resistant to further mutation.
You have a slow metabolism.


Message History

* * * LOW HITPOINT WARNING * * *
You slash Duvessa!
Duvessa is severely wounded.
Duvessa hits you with an elven short sword.
* * * LOW HITPOINT WARNING * * *
You barely miss Duvessa.
Duvessa is severely wounded.
Duvessa hits you but does no damage.
You barely miss Duvessa.
Duvessa is severely wounded.
Duvessa barely misses you.
You barely miss Duvessa.
Duvessa is severely wounded.
Duvessa hits you but does no damage.
Duvessa says, "How can I live after this?"
Duvessa barely misses you.
You closely miss Duvessa.
Duvessa is severely wounded.
Duvessa hits you with an elven short sword.
You die...

#....# ####..ยงยงยง...# #......#
##.### #........# ###'#### #.##
#######'## #.# #..# #####.# #.#
##.# #.....# #.# #.# ###'#####
#.# ###'### #.....# #.#
#.#...###### #..e..# ##'####
#.#.#.'....###..@.<###### #.....#
#.#.#.####..##.....'....###.....#
#.#.#.# ##.##.....####...'.....#
'.#.#.# #.##.....# #####....>#
#.###.# #.##.....# #.....#
#.#...# #..'.....# #.....#
#.#.### ####.....# #.....#
#.....# #.....# #.....# #######
####### #######


You could see Duvessa.

Vanquished Creatures
  A hippogriff (D:5)
  A soldier ant (D:3)
  An ogre (D:5)
  A giant slug (D:5)
  A water moccasin (D:5)
  A hippogriff zombie (D:5)
  A hound (D:4)
  2 crimson imps (D:5)
  A scorpion (D:4)
  A gnoll shaman (D:5)
  An iguana (D:5)
  A centaur skeleton (D:4)
  A giant frog skeleton (D:4)
  A worker ant (D:4)
  Ijyb (D:5)
  Terence (D:2)
  6 adders
  7 gnolls (D:5)
  3 giant mites
  An adder skeleton (D:4)
  2 worms (D:3)
  4 giant geckos
  8 orcs
  6 ball pythons
  7 giant cockroaches
  6 goblins
  11 hobgoblins
  13 bats
  6 giant newts
  A hobgoblin skeleton (D:4)
  8 jackals
  8 kobolds
  9 rats
123 creatures vanquished.

Vanquished Creatures (collateral kills)
  An ogre (D:4)
  Dowan (D:4)
  2 gnolls (D:5)
  2 orcs (D:4)
  A hobgoblin (D:4)
  6 jackals (D:4)
  A quokka (D:4)
  A bat (D:4)
  A giant newt (D:4)
  2 goblins (D:4)
18 creatures vanquished.

Grand Total: 141 creatures vanquished

Notes
Turn   | Place    | Note
--------------------------------------------------------------
     0 | D:1      | Chiseanne, the Halfling Artificer, began the quest for the Orb.
     0 | D:1      | Reached XP level 1. HP: 14/14 MP: 1/1
    23 | D:1      | Reached skill level 1 in Fighting
   151 | D:1      | Found a shattered altar of Ashenzari.
   165 | D:1      | Reached XP level 2. HP: 17/19 MP: 3/3
   693 | D:1      | Reached XP level 3. HP: 22/24 MP: 4/4
  1256 | D:2      | Reached skill level 4 in Evocations
  1385 | D:2      | Noticed Terence
  1589 | D:2      | Killed Terence
  1589 | D:2      | Reached XP level 4. HP: 29/29 MP: 6/6
  1658 | D:2      | Reached skill level 1 in Armour
  2569 | D:3      | Noticed a soldier ant
  2569 | D:3      | a worm changed into a soldier ant
  2626 | D:3      | Reached XP level 5. HP: 34/34 MP: 8/8
  2727 | D:3      | Killed a soldier ant
  2727 | D:3      | Reached XP level 6. HP: 38/40 MP: 10/10
  3143 | D:3      | Noticed an ogre
  4123 | D:4      | Reached skill level 5 in Dodging
  4272 | D:4      | Noticed Dowan
  4274 | D:4      | Noticed Duvessa
  4332 | D:4      | Killed Dowan
  4625 | D:4      | Reached XP level 7. HP: 41/45 MP: 12/12
  5308 | D:5      | Entered Level 5 of the Dungeon
  5336 | D:5      | Reached skill level 1 in Long Blades
  5885 | D:5      | Found a shimmering altar of Xom.
  5923 | D:5      | Reached skill level 6 in Dodging
  6111 | D:5      | Reached XP level 8. HP: 44/51 MP: 14/14
  6523 | D:5      | Noticed Ijyb
  6549 | D:5      | Killed Ijyb
  6549 | D:5      | Reached skill level 5 in Evocations
  7030 | D:4      | HP: 2/51 [Duvessa/elven short sword (4)]
  7035 | D:4      | Slain by Duvessa

Action                   |  1- 3 |  4- 6 |  7- 9 || total
-------------------------+-------+-------+-------++-------
Melee: Short sword       |   167 |   274 |    46 ||   487
       Unarmed           |     7 |       |       ||     7
       Long sword        |       |       |   290 ||   290
Evoke: Wand              |     1 |    25 |    32 ||    58
  Use: Scroll            |       |     9 |     4 ||    13
       Potion            |       |     2 |     3 ||     5
 Stab: Sleeping          |       |     4 |     2 ||     6
